 Dungeon Crawl Stone Soup version 0.30-a0-365-ge7f957f1db (webtiles) character file.

Game seed: 7352952029910944385

1383 Haldmier the Frost Mage (level 8, -1/52 HPs)
             Began as a Merfolk Ice Elementalist on Nov 17, 2022.
             Slain by an ice beast (13 damage)
             ... on level 6 of the Dungeon.
             The game lasted 00:53:27 (6520 turns).

Haldmier the Frost Mage (Merfolk Ice Elementalist)  Turns: 6520, Time: 00:53:27

Health: -1/52      AC:  3    Str:  8    XL:     8   Next: 67%
Magic:  11/12      EV: 14    Int: 17    God:
Gold:   280        SH:  0    Dex: 14    Spells: 2/13 levels left

rFire   . . .      SeeInvis .    a - +1 trident
rCold   . . .      Faith    .    (no shield)
rNeg    . . .      Spirit   .    l - +0 robe
rPois   .          Reflect  .    (no helmet)
rElec   .          Harm     .    p - +0 cloak
rCorr   .          Rampage  .    (no gloves)
Will    .....                    (no boots)
Stlth   +++.......               (no amulet)
HPRegen 0.28/turn                (no ring)
MPRegen 0.13/turn                (no ring)

@: about to teleport
A: (nimble swimmer 2), mertail
a: no special abilities


You were on level 6 of the Dungeon.
You visited 1 branch of the dungeon, and saw 6 of its levels.

You collected 280 gold pieces.

Inventory:

Hand Weapons
 a - a +1 trident (weapon)
 b - a +0 sling
 i - a +1 dagger of flaming
 s - a +0 vampiric dagger
 y - a +0 dagger of venom
Missiles
 w - 2 boomerangs (quivered)
 z - 2 datura-tipped darts
 A - 3 poisoned darts
Armour
 g - a +0 ring mail
 k - a +0 leather armour
 l - a +0 robe (worn)
 p - a +0 cloak (worn)
 B - a +0 tower shield
Scrolls
 d - 4 scrolls of identify
 t - a scroll of amnesia {unknown}
Potions
 c - 2 potions of ambrosia
 e - a potion of attraction
 f - a potion of heal wounds
 h - a potion of mutation {unknown}
 j - 2 potions of lignification {unknown}
 m - 3 potions of magic
 n - 2 potions of might {unknown}
 o - a potion of curing
 q - a potion of brilliance {unknown}
 r - a potion of cancellation {unknown}
 u - a potion of flight
 v - a potion of invisibility {unknown}


   Skills:
 + Level 5.1 Polearms
 + Level 6.4 Dodging
 - Level 5.0 Stealth
 - Level 3.0 Spellcasting
 + Level 3.3 Summonings
 * Level 8.0 Ice Magic


You had 2 spell levels left.
You knew the following spells:

 Your Spells              Type           Power      Damage    Failure   Level
a - Freeze                Ice            100%       1d10      1%          1
b - Frozen Ramparts       Ice            58%        1d9       1%          3
c - Ozocubu's Armour      Ice            29%        N/A       1%          3
d - Summon Ice Beast      Ice/Summ       21%        N/A       17%         4

Your spell library contained the following spells:

 Spells                   Type           Power      Damage    Failure   Level
 Sandblast                Erth           4%         2d4       17%         1
 Passwall                 Tmut/Erth      1%         N/A       26%         2
 Stone Arrow              Conj/Erth      4%         3d7       45%         3


Dungeon Overview and Level Annotations

Branches:
Dungeon (6/15)
 Temple: D:4-7

Altars:

Annotations:
D:5 Grinder


Innate Abilities, Weirdness & Mutations

((You are very nimble when in or above water. (Stealth+, EV+, Speed+++)))
Your lower body shifts to a powerful aquatic tail in water.


Message History

Your ice beast hits the ice beast but does no damage.
The ice beast hits you. The ice beast freezes you!
You hit the ice beast.
The ice beast is almost dead.
Your ice beast barely misses the ice beast.
The ice beast misses you.
You closely miss the ice beast.
The ice beast is almost dead.
Your ice beast hits the ice beast but does no damage.
The ice beast closely misses you.
You hit the ice beast.
You kill the ice beast!
Your Polearms skill increases to level 5!
Your Ice Magic skill increases to level 8!
You start resting.
Your icy armour starts to melt.
Your icy armour evaporates.
Your ice beast disappears in a puff of smoke!
Grinder is nearby!
You climb downwards.
The ice beast misses you. The orc hits you with a +0 club.
The ice beast hits you. The ice beast freezes you! The orc closely misses you.
There is a stone staircase leading up here.
The orc attacks as you move away! The orc hits you with a +0 club.
The ice beast attacks as you move away! The ice beast hits you.
The ice beast freezes you!
* * * LOW HITPOINT WARNING * * *
The orc attacks as you move away! The orc hits you with a +0 club.
* * * LOW HITPOINT WARNING * * *
You feel much better.
The ice beast hits you but does no damage.
The orc hits you with a +0 club. The ice beast attacks as you move away!
The ice beast hits you. The ice beast freezes you.
* * * LOW HITPOINT WARNING * * *
Okay, then.
As you read the scroll of teleportation, it crumbles to dust.
You feel strangely unstable. The ice beast hits you.
* * * LOW HITPOINT WARNING * * *
The ice beast freezes you!
You die...

####........#.####.#.#
...#........#.# #....###########
...#........#.# #.........#....#
...##.#.....#.###..##.###.#.##.##
..###.#..#.##...#................
..###.........#.#.###.#.....##.##
..#......##.#.#.#.###......<...##
...............>....######.##..##
..#...#.........@..............##
..#...##.......Y########...##....
..#...##...........### #....#.###
..#.........###.##.#.# #....###
###...#.........##.#.####.....#
#####.........#..........##.#
.........<..........##.#
.....###.#..........##.### ....
#.#..........##...#


You could see an ice beast.

Vanquished Creatures
  A sky beast (D:6)
  An ice beast (D:5)
  2 black bears (D:4)
  2 ogres
  2 phantoms
  The ghost of DEFE the Cutter, an amateur DsWn (D:3)
  2 necrophages (D:5)
  A scorpion (D:4)
  A howler monkey (D:5)
  3 hounds
  An orc priest (D:5)
  Jessica (D:3)
  An iguana (D:6)
  2 orc wizards (D:3)
  9 adders
  A shadow imp (D:5)
  An ufetubus (D:5)
  2 worms (D:3)
  3 dart slugs
  13 orcs
  12 endoplasms
  8 giant cockroaches
  7 goblins
  5 hobgoblins
  2 quokkas (D:3)
  5 ball pythons
  4 bats
  6 frilled lizards
  10 kobolds
  3 rats
112 creatures vanquished.

Notes
Turn   | Place    | Note
-------+----------+-------------------------------------------
     0 | D:1      | Haldmier the Merfolk Ice Elementalist began the quest for
                  | the Orb.
     0 | D:1      | Reached XP level 1. HP: 13/13 MP: 3/3
   352 | D:1      | Reached XP level 2. HP: 17/19 MP: 1/5
   410 | D:1      | Found a faded altar of an unknown god.
   721 | D:1      | Reached XP level 3. HP: 24/24 MP: 6/6
   865 | D:1      | Learned a level 3 spell: Frozen Ramparts
  1379 | D:2      | Reached XP level 4. HP: 29/30 MP: 2/7
  1831 | D:3      | Noticed Jessica
  1835 | D:3      | Killed Jessica
  1836 | D:3      | Reached skill level 5 in Ice Magic
  1884 | D:3      | Found a runed translucent door.
  1885 | D:3      | Noticed DEFE's ghost (amateur DsWn)
  1902 | D:3      | Noticed a phantom
  1986 | D:3      | Reached skill level 1 in Polearms
  1997 | D:3      | Found a runed translucent door.
  2011 | D:3      | Reached XP level 5. HP: 35/35 MP: 4/8
  2163 | D:4      | Learned a level 3 spell: Ozocubu's Armour
  2164 | D:4      | Noticed an ogre
  2486 | D:3      | Reached XP level 6. HP: 26/41 MP: 1/10
  2582 | D:3      | Learned a level 4 spell: Summon Ice Beast
  2966 | D:4      | Noticed a black bear
  2974 | D:4      | Killed a black bear
  2975 | D:4      | Reached skill level 6 in Ice Magic
  3188 | D:4      | Reached skill level 1 in Summonings
  3307 | D:4      | Reached XP level 7. HP: 46/46 MP: 5/11
  3858 | D:4      | Reached skill level 5 in Dodging
  4349 | D:3      | Killed DEFE's ghost
  4663 | D:5      | Entered Level 5 of the Dungeon
  4743 | D:5      | Noticed Grinder
  4765 | D:4      | Reached skill level 7 in Ice Magic
  4765 | D:4      | Reached XP level 8. HP: 9/49 MP: 9/12
  5075 | D:5      | Reached skill level 5 in Stealth
  5155 | D:4      | Noticed a nameless horror
  5692 | D:5      | Paralysed by Grinder for 3 turns
  6456 | D:5      | Reached skill level 5 in Polearms
  6456 | D:5      | Reached skill level 8 in Ice Magic
  6514 | D:6      | HP: 2/52 [orc/+0 club (3)]
  6520 | D:6      | Slain by an ice beast

Illustrated notes

Levels and vault maps discovered:
D:1:      wheals_arrival_linesprint, layout_basic,
          shapermc_ecumenical_altar_starsandcircs, corexii_leaking_fountain,
          minmay_pentomino_w2
D:2:      layout_loops_ring, minmay_unequal
D:3:      layout_rooms, ebering_ghost_sewer_f, uniq_jessica
D:4:      layout_layer_cave
D:5:      layout_rooms, uniq_grinder
D:6:      layout_basic

Skill      XL: |  1  2  3  4  5  6  7  8 |
---------------+-------------------------+-----
Dodging        | 3 4 5 6 |  6.4
Stealth        | 3 4 5 |  5.0
Ice Magic      | 5 6 7 8 |  8.0
Polearms       | 1 2 4 5 |  5.1
Spellcasting   | 3 |  3.0
Summonings     | 1 2 3 |  3.3

Action                   |  1- 3 |  4- 6 |  7- 9 || total
-------------------------+-------+-------+-------++-------
Melee: Mace              |     6 |       |       ||     6
       Dagger            |     6 |       |       ||     6
       Trident           |       |    12 |   132 ||   144
       Punch             |       |       |     1 ||     1
 Fire: Sling             |    39 |    46 |     7 ||    92
Throw: Stone             |     3 |    15 |    37 ||    55
       Boomerang         |       |       |     7 ||     7
 Cast: Freeze            |    36 |    40 |    29 ||   105
       Frozen Ramparts   |       |     6 |    15 ||    21
       Ozocubu's Armour  |       |     3 |    18 ||    21
       Summon Ice Beast  |       |       |     2 ||     2
  Use: Scroll            |     1 |     3 |     4 ||     8
       Potion            |       |       |     6 ||     6
 Stab: Sleeping          |     3 |       |       ||     3
Armor: Robe              |     2 |       |    16 ||    18
       Leather armour    |     4 |    11 |    32 ||    47
Dodge: Dodged            |    21 |    18 |   118 ||   157

Table legend: (Time is in decaauts)
 A = Elapsed time spent in this place.
 B = Non-inter-level travel time spent in this place.
 C = Inter-level travel time spent in this place.
 D = Time resting spent in this place.
 E = Time spent auto-exploring this place.
 F = Levels seen in this place.
 G = Mean time per level.
                   A        B        C        D        E       F      G
               +--------+--------+--------+--------+--------+-----+--------+
         Total |   6581 |   6427 |    154 |   2040 |   2185 |   6 | 1096.8 |
       Dungeon |   6581 |   6427 |    154 |   2040 |   2185 |   6 | 1096.8 |
               +--------+--------+--------+--------+--------+-----+--------+

Top non-repeatable levels by time:
     D:4: 2225 daAuts
     D:3: 1223 daAuts
     D:1: 950 daAuts
     D:2: 919 daAuts
     D:5: 711 daAuts
     D:6: 551 daAuts
